 Dungeon Sprint DCSS version 0.27.0-66-gdc8fb28755 (webtiles) character file.

Game seed: 4330246319535617809

5199 ABBCCCDDDD the Cleaver (level 10, -2/104 HPs)
             Began as a Minotaur Berserker on Aug 19, 2021.
             Was the Champion of Trog.
             Slain by a fire elemental (7 damage)
             ... summoned by a deep elf pyromancer
             ... in the Dungeon (Sprint III: "The Ten Rune Challenge").
             The game lasted 00:04:14 (2694 turns).

ABBCCCDDDD the Cleaver (Minotaur Berserker)         Turns: 2694, Time: 00:04:14

Health: -2/104     AC: 16    Str: 23    XL:     10   Next: 34%
Magic:  3/3        EV: 11    Int:  4    God:    Trog [******]
Gold:   1260       SH:  0    Dex: 10    Spells: 9/9 levels left

rFire    . . .     SeeInvis .   r - +2 battleaxe (antimagic)
rCold    . . .     Faith    .   (shield currently unavailable)
rNeg     . . .     Spirit   .   t - +0 plate armour
rPois    .         Reflect  .   (helmet restricted)
rElec    .         Harm     .   (no cloak)
rCorr    .         Rampage  .   (no gloves)
Will     .....     NoTele   +   (no boots)
Stlth    ..........             (no amulet)
HPRegen  0.27/turn              (no ring)
MPRegen  0.08/turn              (no ring)

@: on berserk cooldown, slowed, very slow
A: horns 2, retaliatory headbutt, weak 1
a: Renounce Religion, Berserk, Trog's Hand, Brothers in Arms


You were in the Dungeon.
You worshipped Trog.
Trog was exalted by your worship.
You visited 1 branch You collected 1601 gold pieces.
You spent 341 gold pieces at shops.

Inventory:

Hand Weapons
 q - the +10 great sword "Enicufru" {flame, rPois}
   (Trog gifted it to you in the Dungeon)

   It burns those it strikes, dealing additional fire damage.
   Big, fiery blades are also staple armaments of hydra-hunters.
   rPois:     It protects you from poison.
 r - a +2 antimagic battleaxe (weapon)
Armour
 k - a +0 cloak of stealth
 t - a +0 plate armour (worn)
Scrolls
 b - a scroll of enchant armour
 h - a scroll of blinking
 j - a scroll of holy word
 m - a scroll of immolation
 u - a scroll of fog
Potions
 c - a potion of curing
 d - 3 potions of heal wounds
 e - a potion of haste
 f - 3 potions of magic
 g - a potion of berserk rage
 i - a potion of lignification
 l - 4 potions of mutation
 n - a potion of flight
 p - a potion of might
Miscellaneous
 o - a condenser vane


   Skills:
 + Level 14.6 Fighting
 + Level 14.6 Axes
 + Level 14.4 Armour
 + Level 13.4 Dodging


You had 9 spell levels left.
You didn't know any spells.
Your spell library was empty.

Dungeon Overview and Level Annotations

Branches:
Dungeon (1/1)

Altars:
Cheibriados
Dithmenos
Elyvilon
Fedhas
Gozag
Hepliaklqana
Kikubaaqudgha
Makhleb
Nemelex Xobeh
Okawaru
Qazlal
Ru
Sif Muna
Trog
Uskayaw
Vehumet
Wu Jian
Xom
Yredelemnul
Zin
The Shining One
Beogh
Jiyva
Lugonu

Shops:
D *


Innate Abilities, Weirdness & Mutations

You have a pair of horns on your head.
You reflexively headbutt those who attack you in melee.
You are weak. (Str -2)


Message History

The fire elemental burns you!
The deep elf pyromancer mumbles some strange words.
The fire elemental hits you. The fire elemental burns you!
There is an open door, spattered with blood here.
You hit the fire elemental.
Your headbutt misses the fire elemental.
The fire elemental is moderately damaged.
You closely miss the fire elemental. x2; The fire elemental misses you.
The fire elemental hits you. The fire elemental burns you!
The fire elemental hits you. The fire elemental burns you!
The deep elf pyromancer mumbles some strange words.
The deep elf pyromancer blinks!
The fire elemental closely misses you. The fire elemental hits you.
The fire elemental burns you! The fire elemental closely misses you.
You furiously retaliate!
You headbutt the fire elemental!
The deep elf pyromancer casts a spell.
The deep elf pyromancer blinks!
You closely miss the fire elemental.
Your headbutt misses the fire elemental.
The fire elemental is moderately damaged.
Your plate armour prevents you from hitting the fire elemental.
You slash the fire elemental! The fire elemental misses you.
You furiously retaliate!
You headbutt the fire elemental! The fire elemental hits you.
The fire elemental burns you! The fire elemental closely misses you.
The fire elemental hits you. The fire elemental burns you!
* * * LOW HITPOINT WARNING * * *
The fire elemental hits you.
* * * LOW HITPOINT WARNING * * *
The fire elemental burns you!
* * * LOW HITPOINT WARNING * * *
The fire elemental closely misses you. You furiously retaliate!
You headbutt the fire elemental, but do no damage.
The fire elemental hits you. The fire elemental burns you!
* * * LOW HITPOINT WARNING * * *
The fire elemental closely misses you. You furiously retaliate!
You headbutt the fire elemental.
You destroy the fire elemental!
The fire elemental hits you. The fire elemental burns you!
You die...

.♣♣♣..###'#'###'##.........# #.e
.♣.♣..#..........#.........# e.
≈.♣.♣.'.⌠........#))#.###..# .
≈≈≈♣♣.#...######'#e###.##.#.#
≈≈....#.⌠.#__#...#○##############
≈.....#...#__#..[#☼)≈§§'.#.'...'.
......#'###__#..☼#E#§≈§#§#.#.).##
......#.):#__#..EE)#§§.#.#.#.).#.
......#___#__'e.@#)#..§#...#)..##
▓▓▓▓▓▓▓▓▓▓▓▓▓▓▓▓▓▓▓▓▓▓▓▓▓▓▓▓▓▓▓#


You could see a deep elf pyromancer and 3 fire elementals.

Levels and vault maps discovered:
D:        dungeon_sprint_mu [sprint_mu_entry_forest, sprint_mu_temple_rooms,
          sprint_mu_d1_horrors, sprint_mu_d2_genie, sprint_mu_d3_branching,
          sprint_mu_orc_legion, sprint_mu_elf_gauntlet, sprint_mu_hive_nellie,
          sprint_mu_lair_fedhas, sprint_mu_vaults_butterflies,
          sprint_mu_slime_circle, sprint_mu_swamp_cave, sprint_mu_snake_twists,
          sprint_mu_blade_basic, sprint_mu_crypt_lich, sprint_mu_tomb_spiral,
          sprint_mu_vestibule_basic, sprint_mu_gehenna_hellfire,
          sprint_mu_dis_giant, sprint_mu_tartarus_statrot,
          sprint_mu_cocytus_islands, sprint_mu_zot1]

Notes
Turn   | Place    | Note
-------+----------+-------------------------------------------
     0 | D        | ABBCCCDDDD the Minotaur Berserker began the quest for the
                  | Orb.
     0 | D        | Reached XP level 1. HP: 19/19 MP: 0/0
    87 | D        | Reached ** piety under Trog
   161 | D        | Reached XP level 2. HP: 5/28 MP: 1/1
   433 | D        | Reached skill level 5 in Axes
   496 | D        | Noticed a water elemental
   498 | D        | Killed a water elemental
   498 | D        | Reached *** piety under Trog
   499 | D        | Reached skill level 5 in Armour
   499 | D        | Reached skill level 5 in Dodging
   499 | D        | Reached XP level 3. HP: 37/37 MP: 2/2
   499 | D        | Reached XP level 4. HP: 44/44 MP: 3/3
   596 | D        | Noticed a shadow
   602 | D        | Killed a shadow
   603 | D        | Reached XP level 5. HP: 24/53 MP: 4/4
   809 | D        | Found a blossoming altar of Fedhas.
   809 | D        | Found a stormy altar of Qazlal.
   809 | D        | Found a snail-covered altar of Cheibriados.
   809 | D        | Found a burning altar of Makhleb.
   809 | D        | Found a shimmering altar of Xom.
   809 | D        | Noticed a spatial vortex
   810 | D        | Found a hazy altar of Hepliaklqana.
   810 | D        | Found an opulent altar of Gozag.
   810 | D        | Found a sparkling altar of Nemelex Xobeh.
   810 | D        | Found a corrupted altar of Lugonu.
   810 | D        | Found a viscous altar of Jiyva.
   822 | D        | Killed a spatial vortex
   823 | D        | Reached XP level 6. HP: 63/63 MP: 5/5
   927 | D        | Noticed Erica
   933 | D        | Killed Erica
   933 | D        | Reached **** piety under Trog
   934 | D        | Reached skill level 10 in Armour
   934 | D        | Reached XP level 7. HP: 35/74 MP: 6/6
   934 | D        | Reached XP level 8. HP: 39/82 MP: 7/7
  1229 | D        | Found a basalt altar of Yredelemnul.
  1229 | D        | Found a shadowy altar of Dithmenos.
  1229 | D        | Found a sacrificial altar of Ru.
  1235 | D        | Reached skill level 10 in Dodging
  1241 | D        | Reached ***** piety under Trog
  1458 | D        | Found a hide-covered altar of Uskayaw.
  1458 | D        | Found an iron altar of Okawaru.
  1458 | D        | Found a bloodstained altar of Trog.
  1458 | D        | Found an ornate altar of the Wu Jian Council.
  1556 | D        | Found a radiant altar of Vehumet.
  1556 | D        | Found a shimmering blue altar of Sif Muna.
  1556 | D        | Found an ancient bone altar of Kikubaaqudgha.
  1561 | D        | Noticed an ice devil
  1771 | D        | Found a glowing silver altar of Zin.
  1773 | D        | Found a glowing golden altar of the Shining One.
  1773 | D        | Found a white marble altar of Elyvilon.
  1773 | D        | Noticed a deep elf pyromancer
  1778 | D        | Killed a deep elf pyromancer
  1778 | D        | Identified the +10 great sword "Enicufru" {flame, rPois}
                  | (Trog gifted it to you in the Dungeon)
  1778 | D        | Received a gift from Trog
  2078 | D        | Noticed a centaur warrior
  2083 | D        | Reached XP level 9. HP: 71/91 MP: 8/8
  2085 | D        | Killed a centaur warrior
  2322 | D        | Found Putral's Assorted Antiques.
  2351 | D        | Noticed an orc high priest
  2351 | D        | Noticed an orc sorcerer
  2356 | D        | Reached ****** piety under Trog
  2358 | D        | Killed an orc sorcerer
  2359 | D        | Noticed a rust devil
  2362 | D        | Received a gift from Trog
  2363 | D        | Gained mutation: You are weak. (Str -2) [a neqoxec]
  2368 | D        | Noticed a rust devil
  2369 | D        | Killed an orc high priest
  2372 | D        | Reached XP level 10. HP: 102/102 MP: 9/9
  2385 | D        | Received a gift from Trog
  2512 | D        | Bought a scroll labelled MUVULIU YMMILU for 22 gold pieces
  2512 | D        | Bought an embroidered cloak for 165 gold pieces
  2512 | D        | Bought 3 scrolls of identify for 132 gold pieces
  2512 | D        | Bought a scroll labelled XAUKIN ULEMNOEN for 22 gold pieces
  2520 | D        | Noticed a deep elf zephyrmancer
  2520 | D        | Noticed a deep elf pyromancer
  2520 | D        | Noticed a deep elf pyromancer
  2520 | D        | Noticed a deep elf pyromancer
  2520 | D        | Noticed a deep elf zephyrmancer
  2567 | D        | Killed a deep elf pyromancer
  2675 | D        | Killed a deep elf zephyrmancer
  2676 | D        | Killed a deep elf zephyrmancer
  2694 | D        | HP: 5/104 [fire elemental[a deep elf pyromancer] (8)]
  2694 | D        | Slain by a fire elemental

Table legend: (Time is in decaauts)
 A = Elapsed time spent in this place.
 B = Non-inter-level travel time spent in this place.
 C = Inter-level travel time spent in this place.
 D = Time resting spent in this place.
 E = Time spent auto-exploring this place.
 F = Levels seen in this place.
 G = Mean time per level.
                   A        B        C        D        E       F      G
               +--------+--------+--------+--------+--------+-----+--------+
         Total |   2812 |   2812 |      0 |   2203 |    134 |   1 | 2812.0 |
       Dungeon |   2812 |   2812 |      0 |   2203 |    134 |   1 | 2812.0 |
               +--------+--------+--------+--------+--------+-----+--------+

Top non-repeatable levels by time:
       D: 2812 daAuts

Table legend:
 A = Kills in this place as a percentage of kills in entire the game.
 B = Kills by you in this place as a percentage of kills by you in the entire game.
 C = Kills by friends in this place as a percentage of kills by friends in the entire game.
 D = Other kills in this place as a percentage of other kills in the entire game.
 E = Experience gained in this place as a percentage of experience gained in the entire game.
 F = Experience gained in this place divided by the number of levels of this place that you have seen.
                   A       B       C       D       E      F
               +-------+-------+-------+-------+-------+----------------------
         Total | 100.0 | 100.0 |   N/A |   N/A | 100.0 | 7428.0
       Dungeon | 100.0 | 100.0 |   N/A |   N/A | 100.0 | 7428.0
               +-------+-------+-------+-------+-------+----------------------

Action                   |  1- 3 |  4- 6 |  7- 9 | 10-12 || total
-------------------------+-------+-------+-------+-------++-------
Melee: Hand axe          |    17 |    17 |    79 |    12 ||   125
       Headbutt          |     2 |     4 |    14 |     3 ||    23
       Battleaxe         |       |       |       |    14 ||    14
Invok: Berserk           |     3 |     3 |     7 |     2 ||    15
       Trog's Hand       |       |       |     1 |       ||     1
  Use: Scroll            |       |       |       |     6 ||     6
 Stab: Sleeping          |     1 |       |       |       ||     1
Armor: Animal skin       |       |       |    13 |       ||    13
       Plate armour      |       |       |       |    12 ||    12
Dodge: Dodged            |     3 |     2 |    44 |    20 ||    69

Vanquished Creatures
  A centaur warrior (D)
  Erica (D)
  An orc high priest (D)
  2 deep elf pyromancers (D)
  An orc sorcerer (D)
  2 deep elf zephyrmancers (D)
  A shadow (D)
  A spatial vortex (D)
  2 orc warriors (D)
  2 centaurs (D)
  A necrophage (D)
  An earth elemental (D)
  A water elemental (D)
  An orc priest (D)
  A jelly (D)
  3 orc wizards (D)
  A necromancer (D)
  A kobold demonologist (D)
  3 humans (D)
  A phantom (D)
  10 orcs (D)
  An endoplasm (D)
  3 rats (D)
42 creatures vanquished.

Vanquished Creatures (others)
  A wizard (D)
  2 plants (D)
3 creatures vanquished.

Grand Total: 45 creatures vanquished
